 Dungeon Crawl Stone Soup version 0.28.0-43-g3370ac3207 (webtiles) character file.

Game seed: 12499964698802178048

234 unlimited1921 the Firebug (level 5, 0/38 HPs)
             Began as a Demonspawn Fire Elementalist on Mar 13, 2022.
             Was an Initiate of Ashenzari.
             Succumbed to a scorpion's poison
             ... on level 3 of the Dungeon.
             The game lasted 00:16:26 (5039 turns).

unlimited1921 the Firebug (DsFE)                    Turns: 5039, Time: 00:16:27

Health: 0/38       AC:  2    Str:  6 (9)  XL:     5   Next: 75%
Magic:  1/9        EV: 12    Int: 17 (18) God:    Ashenzari [......]
Gold:   94         SH:  0    Dex: 12 (13) Spells: 7/10 levels left

rFire   . . .      SeeInvis .   k - +0 hand axe of the Restrained Levity {Elem, Evo} (curse)
rCold   . . .      Faith    .   (no shield)
rNeg    . . .      Spirit   .   a - +0 robe
rPois   .          Reflect  .   (no helmet)
rElec   .          Harm     .   (no cloak)
rCorr   .          Rampage  .   (no gloves)
Will    .....                   (no boots)
Stlth   +++.......              (no amulet)
HPRegen 0.12/turn               (no ring)
MPRegen 0.11/turn               (no ring)

@: lethally poisoned (0 -> -18)
A: spiny 1, big brain 1, camouflage 1, deterioration 1, dopey 1
a: Renounce Religion, Shatter the Chains


You were on level 3 of the Dungeon.
You worshipped Ashenzari.
Ashenzari was noncommittal.
You visited 1 branch of the dungeon, and saw 4 of its levels.

You collected 94 gold pieces.

Inventory:

Hand Weapons
 e - a +2 dagger of venom
 h - a +0 war axe
 k - the cursed +0 hand axe of the Restrained Levity (weapon) {Elem, Evo}
   (You found it on level 2 of the Dungeon)

   It has a curse which improves the following skills: Elements: Fire Magic, Ice
   Magic, Air Magic and Earth Magic.
   Evocations: Evocations.
Missiles
 b - 101 stones
 i - 4 large rocks
 j - 26 sling bullets
Armour
 a - a +0 robe (worn)
 f - a +0 leather armour
 g - a +0 chain mail
Scrolls
 c - a scroll of vulnerability {unknown}
Potions
 d - a potion of resistance {unknown}
 l - a potion of cancellation {unknown}


   Skills:
 * Level 2.1 Fighting
 + Level 1.7 Axes
 + Level 2.2 Dodging
 + Level 2.1 Stealth
 + Level 3.0 Spellcasting
 + Level 1.2 Conjurations
 + Level 4.0(4.4) Fire Magic


You had 7 spell levels left.
You knew the following spells:

 Your Spells              Type           Power      Damage    Failure   Level
a - Foxfire               Conj/Fire      48%        2x1d6     5%          1
b - Scorch                Fire           34%        2d7       4%          2

Your spell library contained the following spells:

 Spells                   Type           Power      Damage    Failure   Level
 Summon Small Mammal      Summ           8%         N/A       17%         1
 Conjure Flame            Conj/Fire      12%        6-21      17%         3
 Inner Flame              Hex/Fire       10%        N/A       22%         3
 Sublimation of Blood     Necr           2%         N/A       26%         2
 Wereblood                Tmut           2%         N/A       26%         2
 Call Canine Familiar     Summ           2%         N/A       45%         3
 Summon Guardian Golem    Hex/Summ       2%         N/A       45%         3
 Flame Wave               Conj/Fire      12%        2d6       50%         4
 Summon Hydra             Summ           1%         N/A       100%        7


Dungeon Overview and Level Annotations

Branches:
Dungeon (4/15)
 Temple: D:4-7

Altars:
Ashenzari


Innate Abilities, Weirdness & Mutations

You are partially covered in sharp spines.
You have an unusually large brain. (Int +2)
Your skin changes colour to match your surroundings (Stealth+).
Your body sometimes deteriorates upon taking damage.
You are dopey. (Int -2)


Message History

The gnoll hits you with a +0 whip. The scorpion is struck by your spines.
The scorpion stings you but does no damage.
You climb upwards.
There is a stone staircase leading down here.
Casting: Scorch (safe; 4% risk of failure)
Confirm with . or Enter, or press ? or * to list all spells.
Flames lash the gnoll.
The gnoll is severely wounded.
The gnoll's fire resistance burns away.
The gnoll hits you with a +0 whip. The scorpion stings you.
You are poisoned.
The scorpion poisons you!
Casting: Scorch (safe; 4% risk of failure)
Confirm with . or Enter, or press ? or * to list all spells.
Flames lash the gnoll.
The gnoll is burned terribly!
You kill the gnoll!
You feel sick. The scorpion closely misses you.
Your Fire Magic skill increases to level 4!
You feel sick. The scorpion is struck by your spines. The scorpion stings you.
You are more poisoned.
The scorpion poisons you!
You see here a +0 whip.
You feel very sick.
Casting: Scorch (safe; 4% risk of failure)
Confirm with . or Enter, or press ? or * to list all spells.
Flames lash the scorpion.
The scorpion is heavily wounded.
The scorpion's fire resistance burns away.
You feel very sick. The scorpion stings you!
* * * LOW HITPOINT WARNING * * *
You are more poisoned.
The scorpion poisons you! The scorpion is struck by your spines.
The scorpion stings you.
* * * LOW HITPOINT WARNING * * *
Casting: Scorch (safe; 4% risk of failure)
Confirm with . or Enter, or press ? or * to list all spells.
Flames lash the scorpion.
The scorpion is burned terribly!
You kill the scorpion!
You die...

#.#.....:...# ####..#
#.#...#####.# #.....#####
#.....# #.# #.##.......
###.### #.# #.#...#####
#.# #.# #.#..## #.# #.####
#.#..# #.#######....#
#....###### #.........##.#
#.......... #.#######@##.#
#....###### #.#
#)##.###.#..# #.#
#>)......##.###### #.#
####.##..##....... #.#
##.......####### #.#
##........#
#.########.....>...#######
#.........................
#
##########..)......######.


There were no monsters in sight!

Vanquished Creatures
  A scorpion (D:3)
  A water moccasin zombie (D:3)
  2 hounds (D:3)
  3 gnolls (D:3)
  3 adders (D:2)
  2 worms (D:2)
  A dart slug (D:3)
  An orc (D:3)
  9 bats
  3 endoplasms
  2 giant cockroaches
  10 goblins
  3 hobgoblins
  3 jackals (D:2)
  3 quokkas
  A ball python (D:2)
  3 frilled lizards
  4 kobolds
  9 rats
64 creatures vanquished.

Vanquished Creatures (others)
  66 foxfires (D:1)
66 creatures vanquished.

Grand Total: 130 creatures vanquished

Notes
Turn   | Place    | Note
-------+----------+-------------------------------------------
     0 | D:1      | unlimited1921 the Demonspawn Fire Elementalist began the
                  | quest for the Orb.
     0 | D:1      | Reached XP level 1. HP: 13/13 MP: 3/3
   364 | D:1      | Reached skill level 3 in Fire Magic
   522 | D:1      | Gained mutation: You are partially covered in sharp spines.
                  | [demonic ancestry]
   522 | D:1      | Reached XP level 2. HP: 19/19 MP: 1/5
  1450 | D:1      | Learned a level 2 spell: Scorch
  2067 | D:2      | Found a faded altar of an unknown god.
  2069 | D:2      | Gained mutation: You have an unusually large brain. (Int
                  | +2) [demonic ancestry]
  2069 | D:2      | Reached XP level 3. HP: 24/24 MP: 3/6
  2735 | D:2      | Reached skill level 1 in Fighting
  2961 | D:2      | Reached XP level 4. HP: 32/32 MP: 0/7
  3452 | D:3      | Found a broken altar of Ashenzari.
  3506 | D:3      | Gained mutation: You are dopey. (Int -2) [potion of
                  | mutation]
  3506 | D:3      | Gained mutation: Your body sometimes deteriorates upon
                  | taking damage. [potion of mutation]
  3506 | D:3      | Gained mutation: Your skin changes colour to match your
                  | surroundings (Stealth+). [potion of mutation]
  3507 | D:3      | Reached skill level 1 in Axes
  3507 | D:3      | HP: 1/32 [hound (2)]
  3510 | D:3      | Reached XP level 5. HP: 34/37 MP: 1/9
  3750 | D:3      | Became a worshipper of Ashenzari the Shackled
  5036 | D:3      | Reached skill level 4 in Fire Magic
  5039 | D:3      | Succumbed to a scorpion's poison

Illustrated notes

Levels and vault maps discovered:
D:1:      giann_forest_graveyard, layout_rooms
D:2:      layout_loops_cross, nicolae_ecumenical_oubliette, columned_hall_lemuel
D:3:      layout_loops_ring, ashenzari_conservatory_becter, cheibrodos_gnoll_hut
D:4:      layout_basic, temple_doors_e, uniq_menkaure

Skill      XL: |  1  2  3  4  5 |
---------------+----------------+-----
Fire Magic     | 3 4 |  4.0
Stealth        | 2 |  2.1
Fighting       | 1 2 |  2.1
Dodging        | 2 |  2.2
Axes           | 1 |  1.7
Spellcasting   | 3 |  3.0
Conjurations   | |  1.2

Action                   |  1- 3 |  4- 6 || total
-------------------------+-------+-------++-------
Melee: War axe           |     7 |       ||     7
       Dagger            |     3 |       ||     3
       Hand axe          |    19 |    33 ||    52
       Punch             |       |     2 ||     2
 Cast: Foxfire           |    36 |       ||    36
       Scorch            |    18 |    22 ||    40
Invok: Curse Item        |       |     1 ||     1
  Use: Potion            |       |     3 ||     3
 Stab: Sleeping          |       |     3 ||     3
Armor: Robe              |     7 |    11 ||    18
Dodge: Dodged            |    27 |    38 ||    65
